 Dungeon Crawl Stone Soup version 0.30-a0-43-gbbf338a72c (webtiles) character file.

Game seed: 9296653991328596142

44381 lesbiats the Brawler (level 13, -6/133 HPs)
             Began as a Troll Fighter on Sept 1, 2022.
             Was a Priest of the Shining One.
             Collided with a briar patch (10 damage)
             ... caused by a swamp worm
             ... on level 4 of the Lair of Beasts.
             The game lasted 01:20:43 (16568 turns).

lesbiats the Brawler (Troll Fighter)               Turns: 16568, Time: 01:20:43

Health: -6/133     AC: 19    Str: 37    XL:     13   Next: 95%
Magic:  12/12      EV:  4    Int:  4    God:    the Shining One [***...]
Gold:   717        SH:  0    Dex:  9    Spells: 12/12 levels left

rFire   + + .      SeeInvis .      - Unarmed
rCold   x . .      Faith    .    b - +0 kite shield
rNeg    + . .      Spirit   .    W - +0 fire dragon scales
rPois   .          Reflect  .    F - +2 hat
rElec   .          Harm     .    Q - +2 cloak {rCorr}
rCorr   +          Rampage  .    (gloves unavailable)
Will    .....                    (boots unavailable)
Stlth   ..........               B - amulet of regeneration
HPRegen 1.92/turn                y - +4 ring of protection
MPRegen 0.13/turn                K - +6 ring of strength

@: about to teleport, held, glowing
A: large, unfitting armour, claws 3, regeneration 1, shaggy fur 1, tough skin 1
a: Renounce Religion, Divine Shield, Cleansing Flame


You were on level 4 of the Lair of Beasts.
You worshipped the Shining One.
The Shining One was most pleased with you.
You visited 3 branches of the dungeon, and saw 16 of its levels.
You also visited: Sewer, Ossuary and Ice Cave.

You collected 899 gold pieces.
You spent 182 gold pieces at shops.

Inventory:

Missiles
 a - 14 stones (quivered)
 l - 4 large rocks
 G - 21 poisoned darts
 N - a boomerang
 T - a curare-tipped dart
Armour
 b - a +0 kite shield (worn)
 F - a +2 hat (worn)
 Q - a +2 cloak of preservation (worn)
 W - +0 fire dragon scales (worn)
Jewellery
 y - a +4 ring of protection (left claw)
 B - an amulet of regeneration (around neck)
 K - a +6 ring of strength (right claw)
Wands
 t - a wand of mindburst (15)
 E - a wand of digging (1)
 H - a wand of charming (15)
 I - a wand of polymorph (12)
 X - a wand of light (17)
 Y - a wand of flame (5)
Scrolls
 e - a scroll of identify
 j - 9 scrolls of teleportation
 k - a scroll of vulnerability
 m - 3 scrolls of blinking
 n - 3 scrolls of magic mapping
 o - 2 scrolls of immolation
 r - 2 scrolls of poison
 u - 3 scrolls of amnesia
 w - 2 scrolls of brand weapon
 z - 4 scrolls of summoning
 D - a scroll of silence {unknown}
 J - 9 scrolls of enchant weapon
 O - a scroll of acquirement {unknown}
 P - 3 scrolls of noise
 R - a scroll of torment {unknown}
 V - 3 scrolls of enchant armour
 Z - 2 scrolls of fog {unknown}
Potions
 c - 4 potions of might
 d - 5 potions of attraction
 f - a potion of lignification
 h - 4 potions of brilliance
 i - 2 potions of curing
 q - 2 potions of heal wounds
 s - 2 potions of haste
 v - 2 potions of cancellation
 x - 4 potions of flight
 A - 2 potions of berserk rage
 M - a potion of mutation
 S - 2 potions of invisibility
Miscellaneous
 U - a tin of tremorstones (2/2)


   Skills:
 + Level 9.8 Fighting
 + Level 10.1 Throwing
 - Level 2.4 Dodging
 + Level 10.6 Shields
 * Level 15.6 Unarmed Combat


You had 12 spell levels left.
You didn't know any spells.
Your spell library contained the following spells:

 Spells                   Type           Power      Damage    Failure   Level
 Necrotise                Necr           0%         1d4       92%         1
 Call Imp                 Summ           0%         N/A       98%         2
 Static Discharge         Conj/Air       0%         3-3/arc   98%         2
 Sublimation of Blood     Necr           0%         N/A       98%         2
 Conjure Flame            Conj/Fire      0%         6-21      100%        3
 Gell's Gravitas          Tloc           0%         N/A       100%        3
 Ignite Poison            Fire/Tmut/Pois 0%         N/A       100%        3
 Ozocubu's Armour         Ice            0%         N/A       100%        3
 Teleport Other           Tloc           0%         N/A       100%        3
 Animate Dead             Necr           0%         N/A       100%        4
 Hailstorm                Conj/Ice       0%         3d3       100%        4
 Ice Form                 Ice/Tmut       0%         N/A       100%        4
 Petrify                  Tmut/Erth      0%         N/A       100%        4
 Sticky Flame             Conj/Fire      0%         2d3       100%        4
 Summon Ice Beast         Ice/Summ       0%         N/A       100%        4
 Irradiate                Conj/Tmut      0%         3d11      100%        5
 Lightning Bolt           Conj/Air       0%         1d11      100%        5
 Dispersal                Tloc           0%         N/A       100%        6
 Simulacrum               Ice/Necr       0%         N/A       100%        6
 Haunt                    Necr/Summ      0%         N/A       100%        7
 Ozocubu's Refrigeration  Ice            0%         4d7       100%        7
 Infestation              Necr           0%         N/A       100%        8
 Maxwell's Capacitive Co  Air            0%         ∞         100%        8
 Dragon's Call            Summ           0%         N/A       100%        9


Dungeon Overview and Level Annotations

Branches:
Dungeon (11/15)            Temple (1/1) D:7            Lair (4/5) D:10
  Swamp (0/4) Lair:2       Spider (0/4) Lair:3        Slime (0/5) Lair:4
  Sewer (visited)         Ossuary (visited)           IceCv (visited)
    Orc: D:9-12

Altars:
Ashenzari
Cheibriados
Dithmenos
Elyvilon
Fedhas
Gozag
Hepliaklqana
Kikubaaqudgha
Makhleb
Nemelex Xobeh
Okawaru
Qazlal
Ru
Sif Muna
Trog
Uskayaw
Vehumet
Wu Jian
Xom
Yredelemnul
Zin
The Shining One

Shops:
D:4 (   D:5 [   D:6 [   D:11 *

Annotations:
Lair:4 1 transporter


Innate Abilities, Weirdness & Mutations

You are too large for most types of armour.
You have claws for hands.
Your natural rate of healing is unusually fast.
You are covered in fur. (AC +1)
You have tough skin. (AC +1)


Message History

The harpoon shot hits you!
You are yanked forward by the harpoon shot.
You violently stop moving!
The swamp worm fires a harpoon shot at you.
The harpoon shot hits you!!
You are yanked forward by the harpoon shot.
You violently stop moving!
You are too injured to fight recklessly!
Throw: 15 stones
Press: ? - help, Q - select action, (/) - cycle Shift-Dir - straight line, f - swamp worm, p - swamp worm
Aim: a swamp worm (haloed, 75% to hit)
You throw a stone. The stone barely misses the swamp worm.
The swamp worm fires a harpoon shot at you.
You block the harpoon shot.
The swamp worm fires a harpoon shot at you.
The harpoon shot hits you!
* * * LOW HITPOINT WARNING * * *
You are yanked forward by the harpoon shot.
You collide with the briar patch!
The briar patch is moderately damaged.
* * * LOW HITPOINT WARNING * * *
You become entangled in the net!
As you read the scroll of teleportation, it crumbles to dust.
You feel strangely unstable.
The swamp worm fires a harpoon shot at you.
The harpoon shot hits you but does no damage.
The swamp worm fires a harpoon shot at you.
The harpoon shot hits you.
* * * LOW HITPOINT WARNING * * *
You are yanked forward by the harpoon shot.
You collide with the briar patch!
The briar patch is destroyed!
* * * LOW HITPOINT WARNING * * *
The swamp worm fires a harpoon shot at you.
The harpoon shot hits you!
* * * LOW HITPOINT WARNING * * *
You are yanked forward by the harpoon shot.
You collide with the briar patch!
The briar patch is moderately damaged.
You die...

### #######.####
####........#.#####
##..P............#.#
#P.PP..#########...#
##......##w#♣#w##...#
##....####≈≈#≈≈≈≈##..######
#...#.#[[#PP○PPP.P#.....#P#######
.....©#©)+§^^^^^@©#©.............
......#=)#PPP§PP..#..............
......####≈≈≈#≈§≈##..............
.........#w#♣#w#w#...............
..P..#P..#########.###P..##.÷...P
...#####..........##########<...#
..#.##.#...P#.#P...#.#P#.##......
.................................
.................................


You could see 5 swamp worms.

Vanquished Creatures
  A fire dragon (D:11)
  A catoblepas (Lair:3)
  5 hydras
  3 two-headed ogres
  2 ironbound frosthearts (IceCv)
  An ogre mage (D:11)
  5 death yaks (IceCv)
  A deep troll (Lair:1)
  2 manticores (D:11)
  11 elephants
  2 ugly things (D:11)
  An ice statue (IceCv)
  3 black mambas
  A gargoyle (D:11)
  11 cane toads
  3 rime drakes
  4 komodo dragons
  Psyche (D:9)
  A yaktaur (D:11)
  A troll (D:11)
  A hornet (D:7)
  6 polar bears (IceCv)
  The ghost of logorrheac the Twirler, an amateur GnWn (D:4)
  13 blink frogs
  3 shadows (D:11)
  44 yaks
  10 wyverns
  An unseen horror simulacrum (D:10)
  2 wraiths
  3 steam dragons
  12 water moccasins
  An acid dragon (D:11)
  4 swamp worms
  3 orc warriors
  2 sky beasts (D:7)
  3 black bears
  4 ice beasts
  An ogre (D:4)
  3 centaurs
  14 wolves (IceCv)
  The ghost of ytrimaz the Insei, an amateur OpTm (D:3)
  3 kobold brigands
  9 bullfrogs
  2 gnoll sergeants
  2 necrophages (D:6)
  Blork the orc (D:6)
  2 scorpions
  A wyvern skeleton (D:4)
  11 killer bees
  7 howler monkeys
  4 centaur zombies
  4 jellies
  4 orc priests
  A centaur skeleton (D:4)
  2 gnoll boudas
  Crazy Yiuf (D:7)
  A hound (D:6)
  2 iguanas
  11 orc wizards
  2 ogre zombies (Ossuary)
  8 mummies
  5 adders
  13 gnolls
  A river rat (D:6)
  2 shadow imps
  7 white imps
  A howler monkey simulacrum (D:10)
  An ufetubus (D:10)
  2 adder zombies (Ossuary)
  3 worms
  A dart slug (D:1)
  32 orcs
  7 bats
  7 endoplasms
  3 giant cockroaches
  7 hobgoblins
  8 jackals
  3 quokkas
  8 ball pythons
  3 frilled lizards
  2 gnoll zombies (Ossuary)
  6 goblins
  2 goblin zombies (Ossuary)
  7 hobgoblin zombies (Ossuary)
  8 kobolds
  3 kobold zombies (Ossuary)
  3 quokka zombies (Ossuary)
  6 rats
  6 rat zombies (Ossuary)
  A briar patch (Lair:4)
428 creatures vanquished.

Vanquished Creatures (others)
  An orc warrior (D:8)
  2 briar patches (Lair:4)
  3 fungi
  17 plants
23 creatures vanquished.

Grand Total: 451 creatures vanquished

Notes
Turn   | Place    | Note
-------+----------+-------------------------------------------
     0 | D:1      | lesbiats the Troll Fighter began the quest for the Orb.
     0 | D:1      | Reached XP level 1. HP: 22/22 MP: 0/0
    65 | D:1      | Reached XP level 2. HP: 29/29 MP: 1/1
   829 | D:2      | Reached XP level 3. HP: 28/36 MP: 2/2
   983 | D:2      | Reached skill level 3 in Unarmed Combat
  1268 | D:2      | Reached XP level 4. HP: 34/44 MP: 3/3
  1395 | D:2      | Reached skill level 1 in Throwing
  1507 | D:3      | Found a large runed translucent door.
  1507 | D:3      | Found a large runed translucent door.
  1513 | D:3      | Noticed ytrimaz's ghost (amateur OpTm)
  1574 | D:3      | Found a faded altar of an unknown god.
  2583 | D:4      | Noticed an ogre
  2602 | D:4      | Killed an ogre
  2603 | D:4      | Reached XP level 5. HP: 53/53 MP: 4/4
  2643 | D:4      | Found a sand-covered staircase.
  2652 | Ossuary  | Entered an ossuary
  2715 | Ossuary  | Reached skill level 4 in Unarmed Combat
  2856 | Ossuary  | Reached XP level 6. HP: 61/61 MP: 5/5
  3189 | D:4      | Reached skill level 5 in Unarmed Combat
  3272 | D:4      | Found Noinirgh's Weapon Shoppe.
  3285 | D:4      | Bought 3 stones for 4 gold pieces
  3464 | D:4      | Found a transporter.
  3466 | D:4      | Noticed logorrheac's ghost (amateur GnWn)
  3471 | D:4      | Found a transporter.
  3566 | D:4      | Found a stormy altar of Qazlal.
  3570 | D:4      | Found a blossoming altar of Fedhas.
  3571 | D:4      | Found a basalt altar of Yredelemnul.
  3577 | D:4      | Found a bloodstained altar of Trog.
  3578 | D:4      | Found a sacrificial altar of Ru.
  3588 | D:4      | Found a shimmering altar of Xom.
  3599 | D:4      | Reached XP level 7. HP: 68/68 MP: 6/6
  3601 | D:4      | Found a hide-covered altar of Uskayaw.
  3609 | D:4      | Found a broken altar of Ashenzari.
  3612 | D:4      | Found a shimmering blue altar of Sif Muna.
  3614 | D:4      | Found an ornate altar of the Wu Jian Council.
  3829 | D:5      | Entered Level 5 of the Dungeon
  4032 | D:5      | Found Xaymy's Armour Boutique.
  4714 | D:3      | Killed ytrimaz's ghost
  4873 | D:6      | Found Yfar's Antique Armour Emporium.
  4896 | D:6      | Reached skill level 6 in Unarmed Combat
  4899 | D:6      | Reached XP level 8. HP: 74/78 MP: 7/7
  5139 | D:6      | Reached skill level 5 in Shields
  5190 | D:6      | Reached skill level 7 in Unarmed Combat
  5203 | D:6      | Found a glowing drain.
  5213 | Sewer    | Entered a sewer
  5383 | D:6      | Got Kita Doa's Writings on the Generative Dead
  5719 | D:6      | Noticed Blork the orc
  5726 | D:6      | Killed Blork the orc
  6195 | D:7      | Noticed a hornet
  6197 | D:7      | Killed a hornet
  6198 | D:7      | Reached skill level 5 in Fighting
  6198 | D:7      | Reached XP level 9. HP: 88/88 MP: 8/8
  6258 | D:7      | Reached skill level 8 in Unarmed Combat
  6383 | D:7      | Found a staircase to the Ecumenical Temple.
  6428 | D:7      | Reached skill level 5 in Throwing
  6926 | D:7      | Found a runed translucent door.
  6927 | D:7      | Noticed Crazy Yiuf
  7181 | D:7      | Killed Crazy Yiuf
  7182 | D:7      | Reached skill level 9 in Unarmed Combat
  7832 | D:9      | Reached XP level 10. HP: 66/98 MP: 9/9
  8024 | D:9      | Noticed Psyche
  8071 | D:9      | Killed Psyche
  8151 | D:9      | Reached skill level 10 in Unarmed Combat
  8677 | D:10     | Entered Level 10 of the Dungeon
  8695 | D:10     | Found a staircase to the Lair.
  8901 | D:10     | Noticed a two-headed ogre
  8910 | D:10     | Killed a two-headed ogre
  8911 | D:10     | Reached skill level 11 in Unarmed Combat
  9077 | D:10     | Reached XP level 11. HP: 107/107 MP: 10/10
  9433 | D:10     | Noticed a two-headed ogre
  9440 | D:10     | Killed a two-headed ogre
  9897 | D:4      | Killed logorrheac's ghost
  9902 | D:4      | Identified the +4 ring mail "Wudwavif" {rPois rCorr Dex-4}
 10198 | Temple   | Entered the Ecumenical Temple
 10261 | Temple   | Became a worshipper of the Shining One
 10416 | D:11     | Noticed a two-headed ogre
 10424 | D:11     | Killed a two-headed ogre
 10479 | D:11     | Noticed a red ugly thing
 10484 | D:11     | Killed a red ugly thing
 10585 | D:11     | Found Kiff's General Store.
 10621 | D:11     | Bought a scroll of summoning for 161 gold pieces
 10621 | D:11     | Bought a scroll of noise for 17 gold pieces
 10770 | D:11     | Reached skill level 12 in Unarmed Combat
 11057 | D:11     | Reached * piety under the Shining One
 11106 | D:11     | Noticed a green ugly thing
 11118 | D:11     | Killed a green ugly thing
 11147 | D:11     | Noticed a fire dragon
 11157 | D:11     | Killed a fire dragon
 11160 | D:11     | Noticed an ogre mage
 11167 | D:11     | Killed an ogre mage
 11168 | D:11     | Reached XP level 12. HP: 119/119 MP: 11/11
 11279 | D:11     | Noticed a four-headed hydra
 11285 | D:11     | Killed a four-headed hydra
 11408 | Lair:1   | Entered Level 1 of the Lair of Beasts
 11663 | Lair:1   | Reached skill level 13 in Unarmed Combat
 12257 | Lair:2   | Noticed a six-headed hydra
 12327 | Lair:1   | Killed a six-headed hydra
 12440 | Lair:2   | Found a frozen archway.
 12624 | IceCv    | Entered an ice cave
 13161 | IceCv    | Noticed a death yak
 13162 | IceCv    | Noticed a death yak
 13162 | IceCv    | Reached ** piety under the Shining One
 13172 | IceCv    | Killed a death yak
 13173 | IceCv    | Reached skill level 14 in Unarmed Combat
 13180 | IceCv    | Killed a death yak
 13214 | IceCv    | Noticed a death yak
 13229 | IceCv    | Killed a death yak
 13242 | IceCv    | Reached XP level 13. HP: 130/130 MP: 12/12
 14233 | Lair:1   | Reached skill level 10 in Shields
 14790 | Lair:2   | Found a staircase to the Swamp.
 14975 | Lair:3   | Found a hole to the Spider Nest.
 15105 | Lair:3   | Reached skill level 15 in Unarmed Combat
 15764 | Lair:4   | Found a staircase to the Slime Pits.
 15945 | Lair:4   | Found a transporter.
 15971 | Lair:4   | Found a transporter.
 15971 | Lair:4   | Found the ring of the Mage {Wiz Archmagi}
 16020 | Lair:4   | Reached skill level 10 in Throwing
 16362 | Lair:4   | Reached *** piety under the Shining One
 16568 | Lair:4   | HP: 4/133 [swamp worm/harpoon shot (12)]
 16568 | Lair:4   | Collided with a briar patch

Illustrated notes

Levels and vault maps discovered:
D:1:      minmay_arrival_open_corners, layout_basic
D:2:      layout_rooms
D:3:      layout_basic, basic_ecumenical_altar, ebering_ghost_disaster_area
D:4:      layout_loops_ring, nicolae_overflow_hallway_of_the_gods, serial_shops,
          shop, gammafunk_ghost_mausoleum, nicolae_ossuary_entry_ruins,
          chequers_serial_rivers_micro_e
D:5:      layout_loops_corners, serial_shops, nicolae_shop_advertising_works
          [nicolae_subvault_shop_adworks], nicolae_titane
D:6:      layout_loops_ring, cheibrodos_sewer_entry_sluice, serial_shops, shop,
          uniq_blork_the_orc
D:7:      layout_basic, minmay_temple_entry_junction, uniq_crazy_yiuf_cottage
D:8:      layout_cave_pools
D:9:      hellmonk_crumbling_castle, layout_loops_cross, uniq_psyche
D:10:     layout_loops_ring, minmay_lair_entry_grove, serial_ice, serial_ice_o,
          serial_ice_l, serial_ice_m, serial_ice_n
D:11:     minmay_slanted_spiral_squares, layout_basic, serial_shops, shop
Temple:   nicolae_temple_ecumenical_triangle
Lair:1:   dreamdust_cave_troll, layout_gridlike, chequers_serial_rivers_marsh
Lair:2:   layout_cave_shapes, palyth_hydra_swamp_entry, portal_ice_cave_rime
Lair:3:   layout_regular_city, dummy_spider_entry, lemuel_fruit_fields
Lair:4:   gammafunk_worm_tunnel, layout_long_grid,
          nicolae_slime_entry_slimehenge, chequers_serial_rivers_micro_d

Skill      XL: |  1  2  3  4  5  6  7  8  9 10 11 12 13 |
---------------+----------------------------------------+-----
Shields        | 3 4 5 6 7 8 9 10 | 10.6
Unarmed Combat | 3 4 5 6 7 9 11 12 14 15 | 15.6
Throwing       | 1 2 3 4 5 6 8 9 10 | 10.1
Fighting       | 3 4 5 6 7 8 9 |  9.8
Dodging        | |  2.4

Action                   |  1- 3 |  4- 6 |  7- 9 | 10-12 | 13-15 || total
-------------------------+-------+-------+-------+-------+-------++-------
Melee: Unarmed           |   141 |   198 |   271 |   431 |   242 ||  1283
       Punch             |       |       |       |     1 |       ||     1
Throw: Stone             |     4 |    11 |    60 |    69 |    12 ||   156
       Large rock        |       |     3 |     6 |    23 |     9 ||    41
       Dart              |       |       |     5 |    11 |       ||    16
       Boomerang         |       |       |       |       |     9 ||     9
       Throwing net      |       |       |       |       |     1 ||     1
Evoke: Wand              |       |       |       |     2 |     2 ||     4
  Use: Scroll            |       |     8 |     8 |     3 |     8 ||    27
       Potion            |       |       |     4 |     2 |     9 ||    15
 Stab: Sleeping          |     1 |       |       |       |       ||     1
Armor: Robe              |    39 |    69 |   140 |    92 |     9 ||   349
       Skin              |       |       |       |     4 |    13 ||    17
       Fire dragon scale |       |       |       |    79 |   171 ||   250
Dodge: Dodged            |    50 |    62 |    97 |   137 |   113 ||   459
Block: Kite shield       |    59 |    71 |   145 |   165 |   172 ||   612

Table legend: (Time is in decaauts)
 A = Elapsed time spent in this place.
 B = Non-inter-level travel time spent in this place.
 C = Inter-level travel time spent in this place.
 D = Time resting spent in this place.
 E = Time spent auto-exploring this place.
 F = Levels seen in this place.
 G = Mean time per level.
                   A        B        C        D        E       F      G
               +--------+--------+--------+--------+--------+-----+--------+
         Total |  16500 |  14247 |   2253 |   1588 |   8437 |  19 |  868.4 |
       Dungeon |  10708 |   9252 |   1456 |    806 |   5885 |  11 |  973.5 |
        Temple |     76 |     32 |     44 |      0 |     29 |   1 |   76.0 |
          Lair |   3991 |   3239 |    752 |    494 |   1873 |   4 |  997.8 |
         Sewer |    136 |    136 |      0 |      8 |     78 |   1 |  136.0 |
       Ossuary |    506 |    506 |      0 |     48 |    195 |   1 |  506.0 |
      Ice Cave |   1079 |   1079 |      0 |    232 |    376 |   1 | 1079.0 |
               +--------+--------+--------+--------+--------+-----+--------+

Top non-repeatable levels by time:
  Lair:1: 1579 daAuts
     D:7: 1298 daAuts
     D:3: 1212 daAuts
    D:10: 1191 daAuts
   IceCv: 1079 daAuts
    D:11: 1021 daAuts
     D:6: 1015 daAuts
     D:4: 975 daAuts
     D:9: 959 daAuts
     D:5: 948 daAuts
  Lair:3: 867 daAuts
     D:1: 823 daAuts
  Lair:4: 787 daAuts
  Lair:2: 757 daAuts
     D:2: 693 daAuts
